 Dungeon Crawl Stone Soup version 0.23-a0-490-ge7ea69a (webtiles) character file.

8724 zishaf the Martial Artist (level 11, 0/56 HPs)
             Began as a Vine Stalker Transmuter on Dec 2, 2018.
             Was an Elder of Makhleb.
             Succumbed to a killer bee's poison
             ... on level 9 of the Dungeon.
             The game lasted 00:23:50 (7871 turns).

zishaf the Martial Artist (Vine Stalker Transmuter) Turns: 7871, Time: 00:23:51

Health: 0/56       AC: 12    Str: 12      XL:     11   Next: 35%
Magic:  1/30       EV: 12    Int: 16      God:    Makhleb [****..]
Gold:   495        SH:  0    Dex: 12 (16) Spells: 18/26 levels left

rFire    . . .     SeeInvis .   q - +4 quarterstaff (chaos)
rCold    . . .     Gourm    .   (shield currently unavailable)
rNeg     . . .     Faith    .   C - +3 ring mail
rPois    .         Spirit   +   H - +0 helmet
rElec    .         Reflect  .   r - +1 cloak
rCorr    .         Harm     .   (no gloves)
MR       +....                  (no boots)
Stlth    +.........             (no amulet)
HPRegen  0.58/turn              T - ring of magical power
MPRegen  0.22/turn              S - ring of wizardry

@: lethally poisoned (0 -> 0), studying Long Blades
A: fangs 3, low mp 1, regeneration 1, magic shield, antimagic bite, no potion
heal 3, rot immunity
a: Minor Destruction, Lesser Servant of Makhleb, Major Destruction, Renounce
Religion


You were on level 9 of the Dungeon.
You worshipped Makhleb.
Makhleb was greatly pleased with you.
You were hungry.

You visited 1 branch of the dungeon, and saw 9 of its levels.

You collected 495 gold pieces.

Inventory:

Hand Weapons
 q - a +4 quarterstaff of chaos (weapon)
 K - a +0 hunting sling
Missiles
 a - 129 arrows
 i - 4 needles of confusion
 l - 277 stones
 B - 3 throwing nets (quivered)
 L - 16 poisoned needles
Armour
 n - a +2 robe of magic resistance
 r - a +1 cloak (worn)
 C - a +3 ring mail (worn)
 E - a +0 troll leather armour
 H - a +0 helmet (worn)
 J - a +1 shield of fire resistance
Jewellery
 j - an uncursed ring of stealth
 y - an uncursed ring of see invisible
 S - a ring of wizardry (right hand)
 T - a ring of magical power (left hand)
Wands
 b - a wand of disintegration (15)
 p - a wand of polymorph (9)
 x - a wand of acid (17)
 A - a wand of random effects (22)
 M - a wand of enslavement (11)
 O - a wand of iceblast (13)
 W - a wand of digging (6)
Scrolls
 e - 2 scrolls of fear
 h - 2 scrolls of remove curse
 k - 3 scrolls of teleportation {unknown}
 u - a scroll of random uselessness {unknown}
 w - 2 scrolls of amnesia {unknown}
 z - 2 scrolls of enchant weapon {unknown}
 D - a scroll of magic mapping {unknown}
 G - a scroll of enchant armour {unknown}
 P - a scroll of vulnerability {unknown}
 Q - a scroll of silence {unknown}
 R - a scroll of fog {unknown}
 U - a scroll of identify
 X - a scroll of immolation {unknown}
Potions
 c - a potion of berserk rage {unknown}
 f - a potion of agility
 g - a potion of mutation {unknown}
 m - 3 potions of curing
 o - a potion of flight {unknown}
 s - a potion of lignification {unknown}
 t - 4 potions of might {unknown}
 v - 2 potions of degeneration {unknown}
 I - a potion of heal wounds
 N - 2 potions of brilliance
 V - a potion of haste
Books
 F - a manual of Long Blades
Comestibles
 d - 11 rations


   Skills:
 + Level 5.6 Fighting
 * Level 4.8 Armour
 - Level 4.0 Dodging
 - Level 10.0 Unarmed Combat
 + Level 8.1 Spellcasting
 + Level 8.0 Transmutations


You had 18 spell levels left.
You knew the following spells:

 Your Spells              Type           Power        Failure   Level  Hunger
a - Beastly Appendage     Tmut           ####..       1%          1    None
b - Sticks to Snakes      Tmut           ####....     1%          2    None
c - Blade Hands           Tmut           ####......   10%         5    #####..

Your spell library contained the following spells:

 Spells                   Type           Power        Failure   Level  Hunger
 Spider Form              Tmut/Pois      ###.......   6%          3    ##.....
 Infusion                 Chrm           #...         10%         1    None
 Shroud of Golubria       Chrm/Tloc      #.........   14%         2    None
 Song of Slaying          Chrm           #.......     14%         2    None
 Ice Form                 Ice/Tmut       ###.....     17%         4    ####...
 Regeneration             Chrm/Necr      #.........   26%         3    ##.....
 Spectral Weapon          Hex/Chrm       #.......     26%         3    ##.....


Dungeon Overview and Level Annotations

Branches:
Dungeon (9/15)             Temple (0/1) D:7
   Lair: D:8-11         Orc: D:9-12

Altars:
Elyvilon
Hepliaklqana
Kikubaaqudgha
Makhleb
Nemelex Xobeh
Okawaru
Qazlal
Ru
Uskayaw
Vehumet
Wu Jian
Yredelemnul
The Shining One

Annotations:
D:6 2 transporters, Nelgraf's ghost, novice GrEE


Innate Abilities, Weirdness & Mutations

You have razor-sharp teeth.
Your natural rate of healing is unusually fast.
When hurt, damage is shared between your health and your magic reserves.
Your bite disrupts and absorbs the magic of your enemies.
Potions cannot restore your health.
You are immune to rotting.
Your magical capacity is low. (-10% MP)


Message History

* * * LOW HITPOINT WARNING * * *
You hit the yak. You burn the yak.
You kill the yak!
Makhleb accepts your kill.
You feel sick. The killer bee barely misses you.
The yak snorts and paws the ground.
You feel sick. The killer bee stings you.
* * * LOW HITPOINT WARNING * * *
You feel sick. The killer bee closely misses you.
You feel sick. The killer bee stings you!
* * * LOW HITPOINT WARNING * * *
You closely miss the killer bee. The killer bee closely misses you. x2
The killer bee completely misses you.
You completely miss the killer bee. Your bite misses the killer bee.
You feel sick. The killer bee barely misses you. The killer bee stings you.
* * * LOW HITPOINT WARNING * * *
You sock the killer bee! You burn the killer bee.
You kill the killer bee!
Makhleb accepts your kill.
You die...

.......................
..........#############
########..# #..# #..# #..# # #..#
.#
########..#################..##Y.
................@.Y(†.(.().ryr..P
...............###############Yl.
#############..# #..# .# #..# .#
#..# .# #############..# >##
...............###############...
.................................


You could see a yak.

Vanquished Creatures
  2 two-headed ogres (D:9)
  Pikel (D:4)
  3 trolls
  Prince Ribbit (D:8)
  Sigmund (D:3)
  A wyvern (D:9)
  A human (D:6)
  5 yaks
  2 hogs
  A hungry ghost (D:8)
  Edmund (D:5)
  A water moccasin (D:5)
  3 orc warriors
  2 sky beasts
  A slave (D:4)
  2 phantoms
  4 centaurs
  7 necrophages
  2 ogres
  5 bullfrogs
  A scorpion (D:6)
  8 killer bees
  A wight (D:7)
  A howler monkey (D:6)
  A crimson imp (D:6)
  A quasit (D:9)
  A bullfrog zombie (D:6)
  2 hounds
  4 jellies
  11 orc wizards
  5 orc priests
  Jessica (D:2)
  7 iguanas
  Ijyb (D:3)
  Terence (D:3)
  Natasha (twice) (D:2)
  8 worker ants
  A hound skeleton (D:6)
  2 mummies (D:7)
  2 worker ant zombies
  8 adders
  3 gnolls (D:5)
  2 shadow imps
  An adder zombie (D:7)
  An adder skeleton (D:4)
  4 worms
  2 dart slugs
  6 leopard geckos
  25 orcs
  2 ball pythons
  5 giant cockroaches
  5 goblins
  6 hobgoblins
  4 kobolds
  3 quokkas
  3 bats
  2 frilled lizards
  A goblin skeleton (D:9)
  A goblin zombie (D:9)
  4 hobgoblin zombies (D:9)
  A jackal skeleton (D:5)
  A kobold skeleton (D:9)
  A leopard gecko zombie (D:6)
  An orc skeleton (D:9)
  2 orc zombies (D:9)
  5 rats
206 creatures vanquished.

Vanquished Creatures (collateral kills)
  A hippogriff (D:9)
  3 yaks (D:9)
  A killer bee (D:9)
  Crazy Yiuf (D:2)
  A worm (D:2)
  2 orcs (D:7)
  A rat (D:2)
10 creatures vanquished.

Vanquished Creatures (others)
  2 yaks
  An orc priest (D:4)
  A quokka (D:7)
  3 bushes (D:9)
  4 fungi (D:9)
  17 plants (D:9)
28 creatures vanquished.

Grand Total: 244 creatures vanquished

Notes
Turn   | Place    | Note
-------+----------+-------------------------------------------
     0 | D:1      | zishaf the Vine Stalker Transmuter began the quest for the
                  | Orb.
     0 | D:1      | Reached XP level 1. HP: 9/9 MP: 4/4
   216 | D:1      | Reached skill level 1 in Fighting
   304 | D:1      | Reached XP level 2. HP: 14/14 MP: 6/6
   543 | D:2      | Noticed Natasha
   879 | D:2      | Found a burning altar of Makhleb.
   883 | D:2      | Reached XP level 3. HP: 12/18 MP: 7/7
   885 | D:2      | Became a worshipper of Makhleb the Destroyer
   931 | D:2      | Noticed Jessica
   946 | D:2      | Learned a level 2 spell: Sticks to Snakes
   992 | D:2      | Found a runed door.
   998 | D:2      | Noticed Crazy Yiuf
  1010 | D:2      | Killed Crazy Yiuf
  1089 | D:2      | Killed Jessica
  1089 | D:2      | Gained mutation: Your natural rate of healing is unusually
                  | fast. [Vine Stalker growth]
  1089 | D:2      | Reached XP level 4. HP: 20/23 MP: 3/8
  1148 | D:2      | Killed Natasha
  1359 | D:2      | Noticed Natasha
  1365 | D:2      | Killed Natasha
  1365 | D:2      | Reached XP level 5. HP: 23/26 MP: 6/10
  1582 | D:3      | Noticed Sigmund
  1585 | D:3      | Found a basalt altar of Yredelemnul.
  1625 | D:3      | Noticed Terence
  1633 | D:3      | Killed Terence
  1704 | D:3      | Reached skill level 4 in Unarmed Combat
  1781 | D:3      | Reached * piety under Makhleb
  1820 | D:3      | Noticed Ijyb
  1830 | D:3      | Killed Ijyb
  2014 | D:3      | Killed Sigmund
  2014 | D:3      | Reached XP level 6. HP: 25/32 MP: 7/11
  2026 | D:3      | Learned a level 5 spell: Blade Hands
  2495 | D:4      | Noticed a slave
  2505 | D:4      | Killed a slave
  2527 | D:4      | Noticed a slave
  2527 | D:4      | Noticed a slave
  2528 | D:4      | Noticed Pikel
  2530 | D:4      | Noticed a slave
  2534 | D:4      | Killed Pikel
  2534 | D:4      | Reached skill level 5 in Unarmed Combat
  2534 | D:4      | Reached XP level 7. HP: 37/37 MP: 11/13
  2588 | D:4      | Gained mutation: You have razor-sharp teeth. [Vine Stalker
                  | growth]
  2588 | D:4      | Reached XP level 8. HP: 42/42 MP: 10/14
  3006 | D:4      | Reached ** piety under Makhleb
  3147 | D:5      | Entered Level 5 of the Dungeon
  3147 | D:5      | Noticed Edmund
  3166 | D:5      | Killed Edmund
  3285 | D:4      | Reached skill level 6 in Unarmed Combat
  3647 | D:5      | Found a sacrificial altar of Ru.
  3773 | D:5      | Found a glowing golden altar of the Shining One.
  4085 | D:6      | Found a hide-covered altar of Uskayaw.
  4214 | D:7      | Reached skill level 7 in Unarmed Combat
  4255 | D:6      | Found a hazy altar of Hepliaklqana.
  4268 | D:6      | Found a radiant altar of Vehumet.
  4284 | D:6      | Found a stormy altar of Qazlal.
  4287 | D:6      | Found an ornate altar of the Wu Jian Council.
  4311 | D:6      | Found a transporter.
  4311 | D:6      | Noticed Nelgraf's ghost (novice GrEE)
  4325 | D:6      | Found a transporter.
  4361 | D:6      | Reached XP level 9. HP: 45/45 MP: 17/17
  4384 | D:6      | Reached skill level 5 in Spellcasting
  4415 | D:6      | Reached skill level 5 in Transmutations
  4594 | D:6      | Reached skill level 8 in Unarmed Combat
  4758 | D:6      | Found an iron altar of Okawaru.
  5347 | D:7      | Reached skill level 9 in Unarmed Combat
  5422 | D:7      | Found a sparkling altar of Nemelex Xobeh.
  5453 | D:7      | Found a staircase to the Ecumenical Temple.
  5453 | D:7      | Noticed a troll
  5455 | D:7      | Killed a troll
  5455 | D:7      | Reached XP level 10. HP: 49/49 MP: 17/20
  5478 | D:7      | Found a white marble altar of Elyvilon.
  5507 | D:7      | Reached *** piety under Makhleb
  6048 | D:7      | Reached skill level 1 in Armour
  6145 | D:7      | Gained mutation: Your magical capacity is low. (-10% MP) [a
                  | neqoxec]
  6409 | D:7      | Reached skill level 10 in Unarmed Combat
  6974 | D:8      | Found an ancient bone altar of Kikubaaqudgha.
  7114 | D:8      | Noticed Prince Ribbit
  7123 | D:8      | Killed Prince Ribbit
  7268 | D:9      | Noticed a two-headed ogre
  7272 | D:9      | Noticed a two-headed ogre
  7274 | D:9      | Killed a two-headed ogre
  7278 | D:9      | Killed a two-headed ogre
  7278 | D:9      | Reached skill level 5 in Fighting
  7278 | D:9      | Reached XP level 11. HP: 56/56 MP: 21/21
  7703 | D:9      | Reached **** piety under Makhleb
  7718 | D:9      | Found a glowing golden altar of the Shining One.
  7868 | D:9      | HP: 2/56 [killer bee (2)]
  7871 | D:9      | Succumbed to a killer bee's poison

Vault maps used:
D:1:      tarquinn_simple_flora_water_f, kennysheep_decorative_pillar
D:2:      marbit_many_paths, uniq_crazy_yiuf_cottage, uniq_natasha, uniq_jessica
D:3:      first_ration, minivault_14, lemuel_statue_altar, uniq_terence,
          uniq_sigmund, uniq_ijyb
D:4:      uniq_pikel
D:5:      lemuel_round_altar, kennysheep_mini_moat, serial_park,
          serial_park_avenue1, serial_park_tiny_pond, serial_park_avenue1,
          uniq_edmund
D:6:      okawaru_ov_weapons_minmay, grunt_temple_overflow_cloverleaf,
          basic_altar, gammafunk_ghost_arena, minmay_manual_mail
D:7:      elyvilon_altar_4, nemelex_xobeh_ov_fountains_minmay,
          minmay_temple_entry_glassed_door, serial_undead, serial_undead_e,
          serial_undead_f, serial_undead_a, serial_undead_a, serial_undead_c,
          serial_undead_f, grunt_livestock, bh_walls_and_bars
D:8:      overflow_temple_1_default, kennysheep_generic_room_3,
          uniq_prince_ribbit1
D:9:      lemuel_round_altar, minmay_lair_entry_grove,
          nicolae_tso_besieged_by_evil

Skill      XL: |  1  2  3  4  5  6  7  8  9 10 11 |
---------------+----------------------------------+-----
Fighting       | 1 2 3 4 5 |  5.6
Dodging        | 2 3 4 |  4.0
Unarmed Combat | 4 5 7 9 10 | 10.0
Spellcasting   | 3 4 6 7 8 |  8.1
Transmutations | 3 4 6 7 8 |  8.0
Armour         | 4 |  4.8

Action                   |  1- 3 |  4- 6 |  7- 9 | 10-12 || total
-------------------------+-------+-------+-------+-------++-------
Melee: Unarmed           |    13 |       |       |       ||    13
       Bite              |     8 |    11 |    78 |    73 ||   170
       Short sword       |    12 |       |       |       ||    12
       Quarterstaff      |     2 |    94 |   254 |   294 ||   644
       Mace              |     1 |       |       |       ||     1
 Cast: Sticks to Snakes  |     5 |     2 |       |       ||     7
Invok: Lesser Servant of |       |       |       |     5 ||     5
Evoke: Wand              |       |     2 |     5 |    12 ||    19
  Use: Scroll            |       |     4 |     2 |     5 ||    11
 Stab: Sleeping          |     4 |     6 |     3 |     1 ||    14
       Paralysed         |       |       |     2 |    10 ||    12
       Confused          |       |       |     3 |       ||     3
       Petrifying        |       |       |     1 |       ||     1
  Eat: Chunk             |     1 |     5 |     9 |     6 ||    21
       Ration            |       |       |       |     2 ||     2
Armor: Robe              |       |    15 |    29 |       ||    44
       Ring mail         |       |       |    60 |   208 ||   268
Dodge: Dodged            |    13 |    61 |   193 |   286 ||   553

Table legend:
 A = Non-vault XP
 B = Vault XP
 C = Vault XP percentage of total XP
 D = Non-vault monster count
 E = Vault monster count
 F = Vault count percentage of total count
                 A         B        C        D         E       F
            +---------+---------+-------+---------+---------+-------
      Total |    8758 |    3706 |  29.7 |     174 |      43 |  19.8
            +---------+---------+-------+---------+---------+-------
        D:1 |      15 |       0 |   0.0 |       7 |       0 |   0.0
        D:2 |      68 |     105 |  60.7 |      14 |       4 |  22.2
        D:3 |      66 |     299 |  81.9 |      19 |       3 |  13.6
        D:4 |     343 |     586 |  63.1 |      24 |       1 |   4.0
        D:5 |     473 |     158 |  25.0 |      13 |       1 |   7.1
        D:6 |    1131 |     777 |  40.7 |      29 |       8 |  21.6
        D:7 |    1487 |    1228 |  45.2 |      28 |      12 |  30.0
        D:8 |     985 |     299 |  23.3 |      15 |       2 |  11.8
        D:9 |    4190 |     254 |   5.7 |      25 |      12 |  32.4
            +---------+---------+-------+---------+---------+-------
